 Dungeon Crawl Stone Soup version 0.30.1-11-g7821555f0a (webtiles) character file.

Game seed: 12246845837783158266

11 hawla the Firebug (level 2, -1/20 HPs)
             Began as a Meteoran Fire Elementalist on Dec 25, 2023.
             Slain by Terence
             ... wielding a +0 flail
              (11 damage)
             ... on level 2 of the Dungeon.
             The game lasted 00:00:57 (234 turns).

hawla the Firebug (Meteoran Fire Elementalist)       Turns: 234, Time: 00:00:58

Health: -1/20      AC:  2    Str:  9    XL:     2   Next: 52%
Magic:  2/6        EV: 12    Int: 16    God:
Gold:   9          SH:  0    Dex: 14    Spells: 3/6 levels left

rFire   . . .        (no weapon)
rCold   . . .        (no shield)
rNeg    . . .        a - +0 robe
rPois   .            (no helmet)
rElec   .            (no cloak)
rCorr   .            (no gloves)
SInv    .            (no boots)
Will    .....        (no amulet)
Stlth   +            (no ring)
HPRegen 0.23/turn    (no ring)
MPRegen 0.10/turn

%: no passive effects
@: glowing
A: sense surroundings 1, otherworldly, glowing, explore regen
a: no special abilities


You were on level 2 of the Dungeon.
You visited 1 branch of the dungeon, and saw 2 of its levels.

You collected 9 gold pieces.

Inventory:

Armour
 a - a +0 robe (worn)
Potions
 b - a potion of magic


   Skills:
 + Level 2.5 Dodging
 - Level 1.4 Stealth
 + Level 2.9 Spellcasting
 + Level 1.3 Conjurations
 + Level 4.2 Fire Magic


You had 3 spell levels left.
You knew the following spells:

 Your Spells              Type           Power      Damage    Failure   Level
a - Foxfire               Conj/Fire      44%        2x1d6     6%          1
b - Scorch                Fire           30%        2d6       4%          2

Your spell library contained the following spells:

 Spells                   Type           Power      Damage    Failure   Level
 Inner Flame              Hex/Fire       9%         N/A       24%         3
 Volatile Blastmotes      Fire/Tloc      18%        2d11      24%         3
 Flame Wave               Conj/Fire      11%        2d6       52%         4


Dungeon Overview and Level Annotations

Branches:
Dungeon (2/15) Zot: 938

Altars:

Annotations:
D:2 Terence


Innate Abilities, Weirdness & Mutations

You passively map a small area around you.
You are easily found by Zot.
You glow in the dark.
You regain HP and MP as you explore.


Message History

Casting: Foxfire (safe; 6% risk of failure)
Confirm with . or Enter, or press ? or * to list all spells.
You conjure some foxfire!
The foxfire hits the dart slug.
The dart slug is heavily wounded.
The foxfire hits the dart slug.
The dart slug is severely wounded.
The foxfire hits the dart slug.
The dart slug is almost dead.
The foxfire hits the dart slug.
You kill the dart slug!
Found an arbalest.
Found a stone staircase leading down.
You see here a +0 arbalest.
There is a stone staircase leading down here.
You climb downwards.
There is a stone staircase leading up here.
You enter the shallow water.
Moving in this stuff is going to be slow.
Terence and a rat come into view.
Terence is wielding a +0 flail and wearing a +1 scale mail of fire resistance.
Terence shouts!
Terence moves out of view.
Found 14 stones, a ring mail and a barding.
Found a glowing dark potion and a short sword.
The rat bites you.
You barely miss the rat. The rat bites you.
Casting: Foxfire (safe; 6% risk of failure)
Confirm with . or Enter, or press ? or * to list all spells.
Flames lash Terence.
Terence resists.
Terence is lightly wounded.
Terence's fire resistance burns away.
The rat bites you. Terence hits you with a +0 flail.
Casting: Scorch (safe; 4% risk of failure)
Confirm with . or Enter, or press ? or * to list all spells.
Flames lash the rat.
You kill the rat!
Terence hits you with a +0 flail!
Ouch! That really hurt!
You die...

* ##~~# #~##~# * ** #
#~~~# #~##~######!#)#
#
#~~~###~##~##......[#
#
#~#~~####~~##.......#
# #~#~~##
#~~##...(...# #
####~~# #~~##.......#
# #~~# #~###.......#
# #~~# #~###@......#
##### #~##
#~#.#@......#
....###~#
#....####.#.#
....##~~# ####..#** ,
....##~~# ##..# ,
....#~~## #..# *,
####~~~# #... , *
.....~## #..#
.....~#, , #..[
.....## , *.#(


You could see Terence (combustible).

Vanquished Creatures
  A dart slug (D:1)
  A ball python (D:1)
  A bat (D:1)
  A hobgoblin (D:1)
  A kobold (D:1)
  A quokka (D:1)
  3 rats
9 creatures vanquished.

Vanquished Creatures (others)
  21 foxfires (D:1)
21 creatures vanquished.

Grand Total: 30 creatures vanquished

Notes
Turn   | Place    | Note
-------+----------+-------------------------------------------
     0 | D:1      | hawla the Meteoran Fire Elementalist began the quest for
                  | the Orb.
     0 | D:1      | Reached XP level 1. HP: 14/14 MP: 5/5
    97 | D:1      | Reached skill level 4 in Fire Magic
   100 | D:1      | Reached XP level 2. HP: 20/20 MP: 0/6
   103 | D:1      | Learned a level 2 spell: Scorch
   229 | D:2      | Noticed Terence
   234 | D:2      | Slain by Terence

Illustrated notes

Levels and vault maps discovered:
D:1:      heliophobic_arrival_dark_side_of_the_moon, layout_rooms,
          minmay_misc_feat_ornament
D:2:      layout_basic, st_stairs_7, chequers_serial_rivers_large_b,
          uniq_terence

Skill      XL: |  1 |
---------------+----+-----
Fire Magic     | 4 |  4.2
Dodging        | |  2.5
Stealth        | |  1.4
Spellcasting   | |  2.9
Conjurations   | |  1.3

Action                     || total
---------------------------++-------
  Melee: Unarmed           ||     1
   Cast: Foxfire           ||    12
         Scorch            ||     2
 Armour: Robe              ||     1
